Sabres vs Nordiques
Created - November 26, 2017 at 09:39
Goals
|
| Sabres |
0 |
3 |
0 |
0 |
2 |
4 |
| Nordiques |
1 |
1 |
1 |
0 |
0 |
3 |
|
Shots
|
| Sabres |
8 |
23 |
11 |
1 |
3 |
43 |
| Nordiques |
12 |
12 |
18 |
2 |
2 |
44 |
|
1st period
1. Nordiques , Marek Svatos 8 (Kyle Calder 4) at 15:18
Penalties :
Dustin Byfuglien (Que) for Cross-checking (Minor) at 6:34, Evander Kane (Buf) for High sticking (Minor) at 12:30, Paul Gaustad (Que) for Tripping (Minor) at 16:05
2nd period
2. Sabres , Zach Bogosian 6 (Michael Kostka 2) at 8:45
3. Sabres , Evander Kane 8 (Zach Bogosian 10, Ilya Kovalchuk 8) at 9:50
4. Sabres , Ilya Kovalchuk 14 (Kyle Okposo 3, Zach Bogosian 11) at 11:48 (PP)
5. Nordiques , Chris Drury 4 (Dustin Byfuglien 8, Mark Eaton 7) at 18:42
Penalties :
Matt Moulson (Que) for Interference (Minor) at 2:08, Daniel Briere (Que) for Hooking (Minor) at 10:13
3rd period
6. Nordiques , Fedor Tyutin 2 (R.J. Umberger 11, Marek Svatos 7) at 19:19
Penalties :
No Penalty
Overtime #1
No Goal
Penalties :
No Penalty
Shootout
Penalty Shot by Vincent Lecavalier for Sabres - Goal!
Penalty Shot by Marek Svatos for Nordiques - Stopped by Robin Lehner
Penalty Shot by Ilya Kovalchuk for Sabres - Stopped by Tyler Weiman
Penalty Shot by Daniel Briere for Nordiques - Stopped by Robin Lehner
Penalty Shot by Evander Kane for Sabres - Goal!
Penalties :
No Penalty
Goalie Stats
Robin Lehner (Buf), 41 saves from 44 shots - (0.932), W, 8-5-1, 65:00 minutes
Tyler Weiman (Que), 40 saves from 43 shots - (0.930), OTL, 1-4-1, 64:30 minutes
Players Stats for Sabres
Player Name G A P +/- PIM S H SB GA TA FO MP PP MP PK MP
------------------------------------------------------------------------------------
Andrei Loktionov 0 0 0 -1 0 3 1 1 0 0 14/26 20:42 3:55 0:00
Brad Richardson 0 0 0 0 0 0 1 0 0 0 0/0 8:41 0:51 0:00
Brandon Sutter 0 0 0 0 0 1 0 1 0 0 2/6 10:48 0:43 1:15
Darcy Hordichuk 0 0 0 0 0 2 0 0 0 0 0/0 8:54 0:43 0:12
Evander Kane 1 0 1 1 2 4 0 0 0 1 1/2 18:35 2:54 0:00
Ilya Kovalchuk 1 1 2 -2 0 6 2 2 4 1 0/1 24:00 3:54 0:30
Jakub Kindl 0 0 0 -1 0 0 1 0 0 0 0/0 13:13 0:11 0:00
Jared Cowen 0 0 0 0 0 1 1 1 0 1 0/0 22:42 2:11 0:55
Jordan Leopold 0 0 0 -1 0 2 2 3 0 0 0/0 13:13 0:11 0:00
Kyle Okposo 0 1 1 -1 0 2 3 0 1 0 0/2 22:30 3:54 0:00
Matt Martin 0 0 0 0 0 1 3 0 0 0 0/0 12:33 0:01 1:17
Michael Kostka 0 1 1 1 0 5 3 1 2 0 0/0 22:32 2:11 0:55
Rob Scuderi 0 0 0 0 0 1 1 2 0 1 0/0 29:05 5:10 1:04
Ryan O'Reilly 0 0 0 0 0 4 0 2 0 1 9/15 13:12 0:10 0:44
Scottie Upshall 0 0 0 0 0 4 0 0 0 1 2/4 11:08 0:00 0:00
Vincent Lecavalier 0 0 0 0 0 2 1 1 0 0 6/18 19:33 2:44 0:00
Zach Bogosian 1 2 3 -1 0 3 0 3 0 2 0/0 29:15 5:10 1:04
Zack Kassian 0 0 0 0 0 2 3 2 0 1 0/1 17:24 2:47 0:00
Players Stats for Nordiques
Player Name G A P +/- PIM S H SB GA TA FO MP PP MP PK MP
------------------------------------------------------------------------------------
Chris Drury 1 0 1 1 0 3 3 0 0 0 7/9 19:18 0:42 1:33
Daniel Briere 0 0 0 0 2 5 1 0 1 0 17/38 23:49 1:17 2:55
Dmitry Kulikov 0 0 0 -1 0 1 2 0 0 0 0/0 13:47 0:00 0:55
Dustin Byfuglien 0 1 1 1 2 1 2 2 1 1 0/0 22:41 0:46 2:31
Fedor Tyutin 1 0 1 1 0 6 0 1 0 1 0/0 28:49 1:13 4:06
Jean-Pierre Dumont 0 0 0 0 0 1 0 0 0 0 1/1 11:29 0:00 0:00
Kyle Calder 0 1 1 0 0 4 2 0 0 0 0/1 13:26 0:00 1:31
Marek Svatos 1 1 2 2 0 4 1 0 1 0 5/7 22:23 1:17 3:39
Mark Eaton 0 1 1 1 0 3 2 2 0 1 0/0 22:36 0:46 2:43
Matt Moulson 0 0 0 1 2 4 5 0 0 0 1/1 15:56 0:42 0:00
Michael Ryder 0 0 0 0 0 1 1 1 0 0 0/0 7:02 0:00 0:00
Nikolai Kulemin 0 0 0 0 0 0 0 0 0 0 0/0 7:02 0:00 0:00
Paul Gaustad 0 0 0 0 2 1 0 0 3 1 7/13 13:24 0:00 3:00
R.J. Umberger 0 1 1 0 0 4 0 0 0 0 0/1 18:55 1:17 0:00
Rich Peverley 0 0 0 0 0 0 0 0 1 0 3/3 7:58 0:00 0:48
Ryan Ellis 0 0 0 0 0 3 0 1 1 3 0/0 29:19 1:13 4:06
T.J. Fast 0 0 0 0 0 0 1 0 0 0 0/0 12:56 0:00 0:43
Vladimir Tarasenko 0 0 0 -1 0 3 1 0 1 0 0/1 21:34 0:42 1:38
3 Stars
1 - Marek Svatos (Que)
2 - Zach Bogosian (Buf)
3 - Chris Drury (Que)
Power Play
Sabres - 1 on 4 Attempt(s) - 25.00%
Nordiques - 0 on 1 Attempt(s) - 0.00%
Penalty Kill
Sabres - 1 on 1 Attempt(s) - 100.00%
- Score 0 goal in Penalty Kill
Nordiques - 3 on 4 Attempt(s) - 75.00%
- Score 0 goal in Penalty Kill
Team Stat
Sabres - Hits : 22 - Faceoff Wins : 34 - Blocked Shots : 19 - Penalty Minutes : 2
Nordiques - Hits : 21 - Faceoff Wins : 41 - Blocked Shots : 7 - Penalty Minutes : 8
Official
Referees : Lee Chris and Leggo Mike
Linesman : Tony Sericolo and Vaughan Rody
Game Notes
2:13 of 2nd period - Sabres goal is going for a video replay. After video review, No Goal. The puck has been directed, batted or thrown into the net by an attacking player other than with a stick.
Finance
Level 1 -- Attendance: 4308 (71.80%) -- Ticket Income $452,340
Level 2 -- Attendance: 3176 (63.52%) -- Ticket Income $206,440
Level 3 -- Attendance: 1255 (62.75%) -- Ticket Income $57,730
Level 4 -- Attendance: 2373 (59.33%) -- Ticket Income $83,055
Luxury Box -- Attendance: 816 (81.60%) -- Ticket Income $134,640
Game was played at the Centre Videotron.
Total Attendance: 11928 (66.27%)
Total Ticket Income: $934,205
Other Income: $140,131
Total Income: $1,074,336
Sabres
5 vs 5 Forward
Center Left Wing Right Wing Time % Phy DF OF
1 Andrei Loktionov Ilya Kovalchuk Kyle Okposo 38 0 2 3
2 Vincent Lecavalier Evander Kane Zack Kassian 29 0 2 3
3 Ryan O'Reilly Matt Martin Scottie Upshall 23 0 2 3
4 Brandon Sutter Darcy Hordichuk Brad Richardson 10 0 2 3
5 vs 5 Defense
Defense Defense Time % Phy DF OF
1 Zach Bogosian Rob Scuderi 41 0 2 3
2 Michael Kostka Jared Cowen 35 0 3 2
3 Jakub Kindl Jordan Leopold 24 1 3 1
4 Michael Kostka Jared Cowen 0 0 3 2
PowerPlay Forward
Center Left Wing Right Wing Time % Phy DF OF
1 Andrei Loktionov Ilya Kovalchuk Kyle Okposo 60 0 1 4
2 Vincent Lecavalier Evander Kane Zack Kassian 40 0 1 4
PowerPlay Defense
Defense Defense Time % Phy DF OF
1 Zach Bogosian Rob Scuderi 60 1 1 3
2 Michael Kostka Jared Cowen 40 1 1 3
Penalty Kill 4 Players Forward
Center Wing Time % Phy DF OF
1 Brandon Sutter Matt Martin 60 1 3 1
2 Ryan O'Reilly Ilya Kovalchuk 40 1 3 1
Penalty Kill 4 Players Defense
Defense Defense Time % Phy DF OF
1 Zach Bogosian Rob Scuderi 60 1 4 0
2 Michael Kostka Jared Cowen 40 1 4 0
Penalty Kill - 3 Players Forward
Forward Time % Phy DF OF
1 Brandon Sutter 60 1 4 0
2 Ryan O'Reilly 40 1 4 0
Penalty Kill - 3 Players Defense
Defense Defense Time % Phy DF OF
1 Zach Bogosian Rob Scuderi 60 1 4 0
2 Michael Kostka Jared Cowen 40 1 4 0
4 vs 4 Forward
Center Wing Time % Phy DF OF
1 Vincent Lecavalier Ilya Kovalchuk 60 1 2 2
2 Ryan O'Reilly Kyle Okposo 40 1 2 2
4 vs 4 Defense
Defense Defense Time % Phy DF OF
1 Zach Bogosian Rob Scuderi 60 1 2 2
2 Michael Kostka Jared Cowen 40 1 2 2
Last Minutes Offensive
Center Left Wing Right Wing Defense Defense
Vincent Lecavalier Ilya Kovalchuk Kyle Okposo Zach Bogosian Michael Kostka
Last Minutes Defensive
Center Left Wing Right Wing Defense Defense
Vincent Lecavalier Ilya Kovalchuk Zack Kassian Zach Bogosian Jared Cowen
Goaltenders
Starting : Robin Lehner
Backup : Jonas Hiller
Extra Forwards
Normal : Ilya Kovalchuk, Kyle Okposo, Vincent Lecavalier - PP : Kyle Okposo, Vincent Lecavalier - PK : Matt Martin
Extra Defensemen
Normal : Jakub Kindl, Jordan Leopold, Michael Kostka - PP : Jakub Kindl - PK : Jordan Leopold, Michael Kostka
Penalty Shots
Vincent Lecavalier, Ilya Kovalchuk, Evander Kane, Scottie Upshall, Kyle Okposo
Scratches
Michael Haley (Healthy)
Nordiques
5 vs 5 Forward
Center Left Wing Right Wing Time % Phy DF OF
1 Daniel Briere R.J. Umberger Vladimir Tarasenko 40 0 2 3
2 Chris Drury Matt Moulson Marek Svatos 30 0 2 3
3 Paul Gaustad Kyle Calder Jean-Pierre Dumont 20 0 3 2
4 Rich Peverley Nikolai Kulemin Michael Ryder 10 0 2 3
5 vs 5 Defense
Defense Defense Time % Phy DF OF
1 Fedor Tyutin Ryan Ellis 40 0 4 1
2 Mark Eaton Dustin Byfuglien 30 0 4 1
3 T.J. Fast Dmitry Kulikov 20 0 4 1
4 Fedor Tyutin Ryan Ellis 10 0 4 1
PowerPlay Forward
Center Left Wing Right Wing Time % Phy DF OF
1 Daniel Briere R.J. Umberger Marek Svatos 60 0 0 5
2 Chris Drury Matt Moulson Vladimir Tarasenko 40 0 0 5
PowerPlay Defense
Defense Defense Time % Phy DF OF
1 Fedor Tyutin Ryan Ellis 60 0 2 3
2 Mark Eaton Dustin Byfuglien 40 0 2 3
Penalty Kill 4 Players Forward
Center Wing Time % Phy DF OF
1 Marek Svatos Daniel Briere 60 0 3 2
2 Chris Drury Vladimir Tarasenko 40 0 3 2
Penalty Kill 4 Players Defense
Defense Defense Time % Phy DF OF
1 Fedor Tyutin Ryan Ellis 60 0 5 0
2 Mark Eaton Dustin Byfuglien 40 0 5 0
Penalty Kill - 3 Players Forward
Forward Time % Phy DF OF
1 Marek Svatos 60 0 4 1
2 Daniel Briere 40 0 4 1
Penalty Kill - 3 Players Defense
Defense Defense Time % Phy DF OF
1 Fedor Tyutin Ryan Ellis 60 0 5 0
2 Mark Eaton Dustin Byfuglien 40 0 5 0
4 vs 4 Forward
Center Wing Time % Phy DF OF
1 Marek Svatos Daniel Briere 60 0 2 3
2 Chris Drury Vladimir Tarasenko 40 0 1 4
4 vs 4 Defense
Defense Defense Time % Phy DF OF
1 Fedor Tyutin Ryan Ellis 60 0 3 2
2 Mark Eaton Dustin Byfuglien 40 0 3 2
Last Minutes Offensive
Center Left Wing Right Wing Defense Defense
Daniel Briere R.J. Umberger Marek Svatos Fedor Tyutin Ryan Ellis
Last Minutes Defensive
Center Left Wing Right Wing Defense Defense
Daniel Briere R.J. Umberger Marek Svatos Mark Eaton T.J. Fast
Goaltenders
Starting : Tyler Weiman
Backup : Julien Ellis
Extra Forwards
Normal : Jean-Pierre Dumont, Vladimir Tarasenko, Chris Drury - PP : Vladimir Tarasenko, Daniel Briere - PK : Paul Gaustad
Extra Defensemen
Normal : Dustin Byfuglien, Dmitry Kulikov, Ryan Ellis - PP : Dustin Byfuglien - PK : Ryan Ellis, Mark Eaton
Penalty Shots
Marek Svatos, Daniel Briere, Chris Drury, Vladimir Tarasenko, R.J. Umberger
Scratches
Bruno Gervais (Healthy), Milan Bartovic (Healthy), Tim Crowder (Healthy)
% Time on Ice - Sabres
Lines # - Real PCT - Wanted PCT - Time Play
Normal Forward
1 - 34% - 38% - 17:02
2 - 28% - 29% - 14:03
3 - 22% - 23% - 11:08
4 - 15% - 10% - 7:42
Normal Defense
1 - 42% - 41% - 20:59
2 - 34% - 35% - 17:05
3 - 24% - 24% - 11:51
4 - 0% - 0% - 0:00
PP Forward
1 - 58% - 60% - 4:23
2 - 42% - 40% - 3:09
PP Defense
1 - 71% - 60% - 5:21
2 - 29% - 40% - 2:11
PK Forward
1 - 75% - 60% - 1:29
2 - 25% - 40% - 0:30
PK Defense
1 - 54% - 60% - 1:04
2 - 46% - 40% - 0:55
PK3 Forward
1 - 0% - 60%
2 - 0% - 40%
PK3 Defense
1 - 0% - 60%
2 - 0% - 40%
44 Forward
1 - 79% - 60% - 3:57
2 - 21% - 40% - 1:03
44 Defense
1 - 61% - 60% - 3:03
2 - 39% - 40% - 1:57
Last Minute Offensive - 0:00
Last Minute Defensive - 0:34
Total
Forward - 65:00
Defense - 65:00
|
% Time on Ice - Nordiques
Lines # - Real PCT - Wanted PCT - Time Play
Normal Forward
1 - 35% - 40% - 17:20
2 - 31% - 30% - 15:15
3 - 21% - 20% - 10:17
4 - 14% - 10% - 7:02
Normal Defense
1 - 39% - 40% - 19:42
2 - 34% - 30% - 16:59
3 - 23% - 20% - 11:39
4 - 3% - 10% - 1:34
PP Forward
1 - 65% - 60% - 1:17
2 - 35% - 40% - 0:42
PP Defense
1 - 61% - 60% - 1:13
2 - 39% - 40% - 0:46
PK Forward
1 - 78% - 60% - 5:54
2 - 22% - 40% - 1:38
PK Defense
1 - 58% - 60% - 4:21
2 - 42% - 40% - 3:11
PK3 Forward
1 - 0% - 60%
2 - 0% - 40%
PK3 Defense
1 - 0% - 60%
2 - 0% - 40%
44 Forward
1 - 80% - 60% - 3:59
2 - 20% - 40% - 1:01
44 Defense
1 - 57% - 60% - 2:52
2 - 43% - 40% - 2:08
Last Minute Offensive - 0:35
Last Minute Defensive - 0:00
Total
Forward - 65:00
Defense - 65:00
|
Play by Play
1st period
0:01 of 1st period - Daniel Briere wins face-off versus Andrei Loktionov in neutral zone.
0:31 of 1st period - Slapshot by Zack Kassian.
0:31 of 1st period - Stopped by Tyler Weiman without a rebound.
0:32 of 1st period - Paul Gaustad wins face-off versus Vincent Lecavalier in Nordiques zone.
0:40 of 1st period - Off-side.
0:41 of 1st period - Ryan O'Reilly wins face-off versus Kyle Calder in neutral zone.
0:52 of 1st period - Snap shot by Kyle Calder.
0:52 of 1st period - Stopped by Robin Lehner without a rebound.
0:53 of 1st period - Rich Peverley wins face-off versus Brandon Sutter in Sabres zone.
1:18 of 1st period - Matt Moulson is hit by Jordan Leopold and loses puck.
1:25 of 1st period - Wrist shot by Andrei Loktionov.
1:25 of 1st period - Deflect By Ilya Kovalchuk.
1:25 of 1st period - Stopped by Tyler Weiman with a rebound.
1:27 of 1st period - Slapshot by Michael Kostka.
1:27 of 1st period - Shot Misses the Net.
1:29 of 1st period - Snap shot by Michael Kostka.
1:29 of 1st period - Stopped by Tyler Weiman without a rebound.
1:30 of 1st period - Scottie Upshall wins face-off versus Daniel Briere in Nordiques zone.
1:55 of 1st period - Vincent Lecavalier is hit by Dustin Byfuglien and loses puck.
3:05 of 1st period - Wrist shot by Kyle Calder.
3:05 of 1st period - Stopped by Robin Lehner without a rebound.
3:06 of 1st period - Paul Gaustad wins face-off versus Brandon Sutter in Sabres zone.
3:19 of 1st period - Wrist shot by Kyle Calder.
3:19 of 1st period - Stopped by Robin Lehner without a rebound.
3:20 of 1st period - Andrei Loktionov wins face-off versus Daniel Briere in Sabres zone.
3:35 of 1st period - Vladimir Tarasenko is hit by Ilya Kovalchuk and loses puck.
3:46 of 1st period - Zack Kassian is hit by Chris Drury and loses puck.
4:06 of 1st period - Snap shot by Fedor Tyutin.
4:06 of 1st period - Stopped by Robin Lehner with a rebound.
4:08 of 1st period - Slapshot by Ryan Ellis.
4:08 of 1st period - Stopped by Robin Lehner with a rebound.
4:10 of 1st period - Slapshot by Ryan Ellis.
4:10 of 1st period - Stopped by Robin Lehner without a rebound.
4:11 of 1st period - Andrei Loktionov wins face-off versus Paul Gaustad in Sabres zone.
4:11 of 1st period - Andrei Loktionov is hit by Dmitry Kulikov.
4:39 of 1st period - Slapshot by Kyle Calder.
4:39 of 1st period - Deflect By Daniel Briere.
4:39 of 1st period - Shot Blocked by Jordan Leopold.
4:39 of 1st period - Puck is out of play.
4:40 of 1st period - Daniel Briere wins face-off versus Vincent Lecavalier in Sabres zone.
5:05 of 1st period - Dustin Byfuglien is hit by Kyle Okposo and loses puck.
5:47 of 1st period - Snap shot by Ilya Kovalchuk.
5:47 of 1st period - Shot Misses the Net.
6:34 of 1st period - Minor Penalty to Dustin Byfuglien for Cross-checking.
6:35 of 1st period - Vincent Lecavalier wins face-off versus Paul Gaustad in Nordiques zone.
8:34 of 1st period - Penalty to Dustin Byfuglien is over, Dustin Byfuglien is back on ice.
9:43 of 1st period - Icing by Jordan Leopold.
9:44 of 1st period - Rich Peverley wins face-off versus Andrei Loktionov in Sabres zone.
9:51 of 1st period - Snap shot by Ilya Kovalchuk.
9:51 of 1st period - Stopped by Tyler Weiman without a rebound.
9:52 of 1st period - Ryan O'Reilly wins face-off versus Daniel Briere in Nordiques zone.
10:14 of 1st period - Icing by Zach Bogosian.
10:15 of 1st period - Paul Gaustad wins face-off versus Ryan O'Reilly in Sabres zone.
10:42 of 1st period - Wrist shot by Ryan O'Reilly.
10:42 of 1st period - Stopped by Tyler Weiman without a rebound.
10:43 of 1st period - Daniel Briere wins face-off versus Evander Kane in Nordiques zone.
10:48 of 1st period - Slapshot by Dmitry Kulikov.
10:48 of 1st period - Stopped by Robin Lehner with a rebound.
11:08 of 1st period - Michael Kostka is hit by Matt Moulson and loses puck.
11:15 of 1st period - Wrist shot by Matt Moulson.
11:15 of 1st period - Stopped by Robin Lehner with a rebound.
12:13 of 1st period - Wrist shot by Vincent Lecavalier.
12:13 of 1st period - Stopped by Tyler Weiman with a rebound.
12:15 of 1st period - Slapshot by Zach Bogosian.
12:15 of 1st period - Stopped by Tyler Weiman without a rebound.
12:16 of 1st period - Daniel Briere wins face-off versus Vincent Lecavalier in Nordiques zone.
12:16 of 1st period - Daniel Briere is hit by Zack Kassian.
12:28 of 1st period - Snap shot by Vladimir Tarasenko.
12:28 of 1st period - Shot Misses the Net.
12:30 of 1st period - Minor Penalty to Evander Kane for High sticking.
12:31 of 1st period - Daniel Briere wins face-off versus Brandon Sutter in Sabres zone.
12:40 of 1st period - Slapshot by Daniel Briere.
12:40 of 1st period - Stopped by Robin Lehner without a rebound.
12:41 of 1st period - Brandon Sutter wins face-off versus Daniel Briere in Sabres zone.
13:06 of 1st period - Snap shot by Marek Svatos.
13:06 of 1st period - Stopped by Robin Lehner without a rebound.
13:07 of 1st period - Brandon Sutter wins face-off versus Chris Drury in Sabres zone.
13:20 of 1st period - Wrist shot by Vladimir Tarasenko.
13:20 of 1st period - Shot Misses the Net.
13:22 of 1st period - Wrist shot by Mark Eaton.
13:22 of 1st period - Stopped by Robin Lehner with a rebound.
14:08 of 1st period - Daniel Briere is hit by Matt Martin and loses puck.
14:30 of 1st period - Penalty to Evander Kane is over, Evander Kane is back on ice.
14:31 of 1st period - Matt Martin is hit by Mark Eaton and loses puck.
14:42 of 1st period - Vincent Lecavalier is hit by Dustin Byfuglien and loses puck.
14:51 of 1st period - Slapshot by Zach Bogosian.
14:51 of 1st period - Deflect By Vincent Lecavalier.
14:51 of 1st period - Shot Misses the Net.
14:51 of 1st period - Puck is out of play.
14:52 of 1st period - Rich Peverley wins face-off versus Andrei Loktionov in Nordiques zone.
14:52 of 1st period - Rich Peverley is hit by Ilya Kovalchuk.
15:18 of 1st period - Wrist shot by Marek Svatos.
15:18 of 1st period - Goal by Marek Svatos - Sabres : 0 - Nordiques : 1.
15:19 of 1st period - Daniel Briere wins face-off versus Vincent Lecavalier in neutral zone.
16:02 of 1st period - Icing by Andrei Loktionov.
16:03 of 1st period - Paul Gaustad wins face-off versus Ryan O'Reilly in Sabres zone.
16:05 of 1st period - Minor Penalty to Paul Gaustad for Tripping.
16:06 of 1st period - Marek Svatos wins face-off versus Ilya Kovalchuk in Nordiques zone.
16:23 of 1st period - Wrist shot by Ilya Kovalchuk.
16:23 of 1st period - Shot Misses the Net.
17:26 of 1st period - Daniel Briere is hit by Vincent Lecavalier and loses puck.
18:05 of 1st period - Penalty to Paul Gaustad is over, Paul Gaustad is back on ice.
18:29 of 1st period - Mark Eaton is hit by Jordan Leopold and loses puck.
18:40 of 1st period - Paul Gaustad is hit by Michael Kostka and loses puck.
19:03 of 1st period - Slapshot by T.J. Fast.
19:03 of 1st period - Shot Blocked by Michael Kostka.
19:29 of 1st period - Off-side.
19:30 of 1st period - Ryan O'Reilly wins face-off versus Paul Gaustad in neutral zone.
19:32 of 1st period - Off-side.
19:33 of 1st period - Ryan O'Reilly wins face-off versus Paul Gaustad in neutral zone.
19:43 of 1st period - Off-side.
19:44 of 1st period - Andrei Loktionov wins face-off versus Daniel Briere in neutral zone.
19:51 of 1st period - Wrist shot by Ilya Kovalchuk.
19:51 of 1st period - Stopped by Tyler Weiman without a rebound.
19:52 of 1st period - Andrei Loktionov wins face-off versus Daniel Briere in Nordiques zone.
Goals for this period are 0 for Sabres vs 1 for Nordiques.
Shots for this period are 8 for Sabres vs 12 for Nordiques.
2nd period
0:01 of 2nd period - Daniel Briere wins face-off versus Vincent Lecavalier in neutral zone.
0:34 of 2nd period - Snap shot by Jean-Pierre Dumont.
0:34 of 2nd period - Deflect By Kyle Calder.
0:34 of 2nd period - Stopped by Robin Lehner without a rebound.
0:35 of 2nd period - Daniel Briere wins face-off versus Andrei Loktionov in Sabres zone.
1:02 of 2nd period - Evander Kane is hit by Dmitry Kulikov and loses puck.
1:28 of 2nd period - Wrist shot by Ryan O'Reilly.
1:28 of 2nd period - Stopped by Tyler Weiman without a rebound.
1:29 of 2nd period - Ryan O'Reilly wins face-off versus Daniel Briere in Nordiques zone.
1:56 of 2nd period - Snap shot by Scottie Upshall.
1:56 of 2nd period - Stopped by Tyler Weiman with a rebound.
1:58 of 2nd period - Wrist shot by Matt Martin.
1:58 of 2nd period - Deflect By Scottie Upshall.
1:58 of 2nd period - Stopped by Tyler Weiman with a rebound.
2:00 of 2nd period - Slapshot by Jared Cowen.
2:00 of 2nd period - Stopped by Tyler Weiman with a rebound.
2:02 of 2nd period - Slapshot by Scottie Upshall.
2:02 of 2nd period - Shot Misses the Net.
2:04 of 2nd period - Slapshot by Michael Kostka.
2:04 of 2nd period - Stopped by Tyler Weiman without a rebound.
2:05 of 2nd period - Matt Moulson wins face-off versus Andrei Loktionov in Nordiques zone.
2:05 of 2nd period - Matt Moulson is hit by Andrei Loktionov.
2:08 of 2nd period - Minor Penalty to Matt Moulson for Interference.
2:09 of 2nd period - Andrei Loktionov wins face-off versus Marek Svatos in Nordiques zone.
2:11 of 2nd period - Slapshot by Andrei Loktionov.
2:11 of 2nd period - Shot Misses the Net.
2:13 of 2nd period - Wrist shot by Kyle Okposo.
2:13 of 2nd period - Sabres goal is going for a video replay.
2:13 of 2nd period - The goal is refused. The puck has been directed, batted or thrown into the net by an attacking player other than with a stick..
2:14 of 2nd period - Marek Svatos wins face-off versus Kyle Okposo in Nordiques zone.
2:17 of 2nd period - Snap shot by Ilya Kovalchuk.
2:17 of 2nd period - Shot Blocked by Fedor Tyutin.
2:19 of 2nd period - Slapshot by Zach Bogosian.
2:19 of 2nd period - Deflect By Andrei Loktionov.
2:19 of 2nd period - Stopped by Tyler Weiman with a rebound.
4:08 of 2nd period - Penalty to Matt Moulson is over, Matt Moulson is back on ice.
4:37 of 2nd period - Zach Bogosian is hit by Matt Moulson and loses puck.
4:49 of 2nd period - Snap shot by Brad Richardson.
4:49 of 2nd period - Shot Blocked by Dustin Byfuglien.
5:35 of 2nd period - T.J. Fast is hit by Matt Martin and loses puck.
5:51 of 2nd period - Vladimir Tarasenko is hit by Michael Kostka and loses puck.
6:48 of 2nd period - Dmitry Kulikov is hit by Matt Martin and loses puck.
7:13 of 2nd period - Jean-Pierre Dumont is hit by Zack Kassian and loses puck.
7:28 of 2nd period - Brandon Sutter is hit by Michael Ryder.
7:40 of 2nd period - Scottie Upshall is hit by Marek Svatos.
7:49 of 2nd period - Scottie Upshall is hit by Matt Moulson and loses puck.
8:05 of 2nd period - Dmitry Kulikov is hit by Jakub Kindl and loses puck.
8:20 of 2nd period - Nikolai Kulemin is hit by Rob Scuderi.
8:40 of 2nd period - Ryan Ellis is hit by Jared Cowen and loses puck.
8:45 of 2nd period - Slapshot by Zach Bogosian.
8:45 of 2nd period - Goal by Zach Bogosian - Sabres : 1 - Nordiques : 1.
8:46 of 2nd period - Andrei Loktionov wins face-off versus Daniel Briere in neutral zone.
9:00 of 2nd period - Icing by Vladimir Tarasenko.
9:01 of 2nd period - Vincent Lecavalier wins face-off versus Daniel Briere in Nordiques zone.
9:10 of 2nd period - Wrist shot by Zack Kassian.
9:10 of 2nd period - Shot Misses the Net.
9:12 of 2nd period - Slapshot by Rob Scuderi.
9:12 of 2nd period - Shot Misses the Net.
9:14 of 2nd period - Snap shot by Zack Kassian.
9:14 of 2nd period - Stopped by Tyler Weiman without a rebound.
9:15 of 2nd period - Chris Drury wins face-off versus Andrei Loktionov in Nordiques zone.
9:20 of 2nd period - Wrist shot by Andrei Loktionov.
9:20 of 2nd period - Stopped by Tyler Weiman without a rebound.
9:21 of 2nd period - Chris Drury wins face-off versus Andrei Loktionov in Nordiques zone.
9:32 of 2nd period - Snap shot by Marek Svatos.
9:32 of 2nd period - Stopped by Robin Lehner with a rebound.
9:50 of 2nd period - Wrist shot by Evander Kane.
9:50 of 2nd period - Goal by Evander Kane - Sabres : 2 - Nordiques : 1.
9:51 of 2nd period - Andrei Loktionov wins face-off versus Daniel Briere in neutral zone.
10:13 of 2nd period - Minor Penalty to Daniel Briere for Hooking.
10:14 of 2nd period - Andrei Loktionov wins face-off versus Marek Svatos in Nordiques zone.
10:27 of 2nd period - Backhand shot by Marek Svatos.
10:27 of 2nd period - Shot Blocked by Ilya Kovalchuk.
10:29 of 2nd period - Slapshot by Fedor Tyutin.
10:29 of 2nd period - Stopped by Robin Lehner with a rebound.
10:36 of 2nd period - Icing by Rob Scuderi.
10:37 of 2nd period - Marek Svatos wins face-off versus Andrei Loktionov in Sabres zone.
10:38 of 2nd period - Snap shot by Kyle Calder.
10:38 of 2nd period - Shot Blocked by Ilya Kovalchuk.
11:48 of 2nd period - Wrist shot by Ilya Kovalchuk.
11:48 of 2nd period - Goal by Ilya Kovalchuk - Sabres : 3 - Nordiques : 1.
11:49 of 2nd period - Vincent Lecavalier wins face-off versus R.J. Umberger in neutral zone.
12:00 of 2nd period - Slapshot by Fedor Tyutin.
12:00 of 2nd period - Stopped by Robin Lehner without a rebound.
12:01 of 2nd period - Daniel Briere wins face-off versus Vincent Lecavalier in Sabres zone.
12:30 of 2nd period - Snap shot by Rich Peverley.
12:30 of 2nd period - Shot Blocked by Jared Cowen.
12:32 of 2nd period - Slapshot by Mark Eaton.
12:32 of 2nd period - Shot Misses the Net.
12:34 of 2nd period - Slapshot by Dustin Byfuglien.
12:34 of 2nd period - Deflect By Michael Ryder.
12:34 of 2nd period - Stopped by Robin Lehner without a rebound.
12:35 of 2nd period - Daniel Briere wins face-off versus Ryan O'Reilly in Sabres zone.
12:45 of 2nd period - Off-side.
12:46 of 2nd period - Daniel Briere wins face-off versus Andrei Loktionov in neutral zone.
12:59 of 2nd period - Slapshot by Vladimir Tarasenko.
12:59 of 2nd period - Shot Blocked by Zach Bogosian.
13:01 of 2nd period - Wrist shot by Daniel Briere.
13:01 of 2nd period - Stopped by Robin Lehner with a rebound.
13:20 of 2nd period - Snap shot by Matt Moulson.
13:20 of 2nd period - Stopped by Robin Lehner without a rebound.
13:21 of 2nd period - Daniel Briere wins face-off versus Vincent Lecavalier in Sabres zone.
13:30 of 2nd period - Zack Kassian is hit by Mark Eaton and loses puck.
15:29 of 2nd period - Wrist shot by Rich Peverley.
15:29 of 2nd period - Shot Misses the Net.
15:41 of 2nd period - Slapshot by Zach Bogosian.
15:41 of 2nd period - Stopped by Tyler Weiman without a rebound.
15:42 of 2nd period - Daniel Briere wins face-off versus Brandon Sutter in Nordiques zone.
15:55 of 2nd period - Wrist shot by Darcy Hordichuk.
15:55 of 2nd period - Stopped by Tyler Weiman with a rebound.
16:18 of 2nd period - Slapshot by Vladimir Tarasenko.
16:18 of 2nd period - Deflect By Daniel Briere.
16:18 of 2nd period - Shot Misses the Net.
16:18 of 2nd period - Puck is out of play.
16:19 of 2nd period - Chris Drury wins face-off versus Andrei Loktionov in Sabres zone.
16:28 of 2nd period - Slapshot by Ilya Kovalchuk.
16:28 of 2nd period - Shot Misses the Net.
16:30 of 2nd period - Slapshot by Andrei Loktionov.
16:30 of 2nd period - Stopped by Tyler Weiman with a rebound.
16:32 of 2nd period - Slapshot by Kyle Okposo.
16:32 of 2nd period - Stopped by Tyler Weiman with a rebound.
16:34 of 2nd period - Slapshot by Michael Kostka.
16:34 of 2nd period - Shot Misses the Net.
16:36 of 2nd period - Snap shot by Ilya Kovalchuk.
16:36 of 2nd period - Stopped by Tyler Weiman without a rebound.
16:37 of 2nd period - Evander Kane wins face-off versus Paul Gaustad in Nordiques zone.
16:40 of 2nd period - Slapshot by Evander Kane.
16:40 of 2nd period - Stopped by Tyler Weiman with a rebound.
16:42 of 2nd period - Snap shot by Evander Kane.
16:42 of 2nd period - Stopped by Tyler Weiman with a rebound.
16:44 of 2nd period - Slapshot by Zack Kassian.
16:44 of 2nd period - Shot Misses the Net.
16:46 of 2nd period - Slapshot by Vincent Lecavalier.
16:46 of 2nd period - Shot Blocked by Ryan Ellis.
16:48 of 2nd period - Backhand shot by Jordan Leopold.
16:48 of 2nd period - Stopped by Tyler Weiman without a rebound.
16:49 of 2nd period - Andrei Loktionov wins face-off versus Daniel Briere in Nordiques zone.
17:19 of 2nd period - Wrist shot by Evander Kane.
17:19 of 2nd period - Stopped by Tyler Weiman with a rebound.
17:21 of 2nd period - Slapshot by Rob Scuderi.
17:21 of 2nd period - Stopped by Tyler Weiman without a rebound.
17:22 of 2nd period - Vincent Lecavalier wins face-off versus Daniel Briere in Nordiques zone.
17:49 of 2nd period - Marek Svatos is hit by Kyle Okposo and loses puck.
18:14 of 2nd period - Slapshot by Brandon Sutter.
18:14 of 2nd period - Stopped by Tyler Weiman with a rebound.
18:32 of 2nd period - Snap shot by Matt Moulson.
18:32 of 2nd period - Stopped by Robin Lehner with a rebound.
18:36 of 2nd period - Snap shot by Chris Drury.
18:36 of 2nd period - Stopped by Robin Lehner with a rebound.
18:38 of 2nd period - Slapshot by Mark Eaton.
18:38 of 2nd period - Shot Misses the Net.
18:40 of 2nd period - Slapshot by Dustin Byfuglien.
18:40 of 2nd period - Shot Blocked by Rob Scuderi.
18:42 of 2nd period - Snap shot by Chris Drury.
18:42 of 2nd period - Goal by Chris Drury - Sabres : 3 - Nordiques : 2.
18:43 of 2nd period - Andrei Loktionov wins face-off versus Daniel Briere in neutral zone.
19:08 of 2nd period - Snap shot by Paul Gaustad.
19:08 of 2nd period - Stopped by Robin Lehner without a rebound.
19:09 of 2nd period - Paul Gaustad wins face-off versus Vincent Lecavalier in Sabres zone.
19:22 of 2nd period - Wrist shot by Jean-Pierre Dumont.
19:22 of 2nd period - Shot Blocked by Vincent Lecavalier.
19:54 of 2nd period - Snap shot by Jean-Pierre Dumont.
19:54 of 2nd period - Stopped by Robin Lehner with a rebound.
Goals for this period are 3 for Sabres vs 1 for Nordiques.
Shots for this period are 23 for Sabres vs 12 for Nordiques.
3rd period
0:01 of 3rd period - Andrei Loktionov wins face-off versus Daniel Briere in neutral zone.
0:04 of 3rd period - Daniel Briere is hit by Kyle Okposo and loses puck.
0:15 of 3rd period - Slapshot by Vladimir Tarasenko.
0:15 of 3rd period - Shot Blocked by Rob Scuderi.
0:38 of 3rd period - Andrei Loktionov is hit by Kyle Calder and loses puck.
0:48 of 3rd period - Icing by Fedor Tyutin.
0:49 of 3rd period - Chris Drury wins face-off versus Ryan O'Reilly in Nordiques zone.
1:18 of 3rd period - Wrist shot by Vladimir Tarasenko.
1:18 of 3rd period - Shot Blocked by Zach Bogosian.
1:20 of 3rd period - Slapshot by Mark Eaton.
1:20 of 3rd period - Shot Misses the Net.
1:22 of 3rd period - Slapshot by Mark Eaton.
1:22 of 3rd period - Shot Blocked by Brandon Sutter.
1:24 of 3rd period - Slapshot by Mark Eaton.
1:24 of 3rd period - Stopped by Robin Lehner without a rebound.
1:25 of 3rd period - Vincent Lecavalier wins face-off versus Daniel Briere in Sabres zone.
1:36 of 3rd period - Slapshot by Evander Kane.
1:36 of 3rd period - Shot Misses the Net.
1:38 of 3rd period - Snap shot by Jared Cowen.
1:38 of 3rd period - Shot Blocked by Mark Eaton.
1:40 of 3rd period - Wrist shot by Evander Kane.
1:40 of 3rd period - Shot Misses the Net.
1:54 of 3rd period - Icing by Andrei Loktionov.
1:55 of 3rd period - Chris Drury wins face-off versus Andrei Loktionov in Sabres zone.
2:28 of 3rd period - Wrist shot by Ilya Kovalchuk.
2:28 of 3rd period - Shot Misses the Net.
2:30 of 3rd period - Slapshot by Jordan Leopold.
2:30 of 3rd period - Deflect By Ryan Ellis.
2:30 of 3rd period - Stopped by Tyler Weiman with a rebound.
2:32 of 3rd period - Wrist shot by Ilya Kovalchuk.
2:32 of 3rd period - Shot Misses the Net.
3:37 of 3rd period - Icing by Jordan Leopold.
3:38 of 3rd period - Andrei Loktionov wins face-off versus Daniel Briere in Sabres zone.
4:00 of 3rd period - Wrist shot by Kyle Okposo.
4:00 of 3rd period - Deflect By Ilya Kovalchuk.
4:00 of 3rd period - Stopped by Tyler Weiman with a rebound.
4:34 of 3rd period - Snap shot by Matt Martin.
4:34 of 3rd period - Stopped by Tyler Weiman with a rebound.
4:36 of 3rd period - Wrist shot by Ryan O'Reilly.
4:36 of 3rd period - Shot Misses the Net.
4:38 of 3rd period - Snap shot by Matt Martin.
4:38 of 3rd period - Shot Blocked by Mark Eaton.
5:18 of 3rd period - Slapshot by Michael Ryder.
5:18 of 3rd period - Shot Misses the Net.
5:20 of 3rd period - Slapshot by Mark Eaton.
5:20 of 3rd period - Stopped by Robin Lehner with a rebound.
5:22 of 3rd period - Slapshot by Dustin Byfuglien.
5:22 of 3rd period - Shot Blocked by Zack Kassian.
5:24 of 3rd period - Slapshot by Dustin Byfuglien.
5:24 of 3rd period - Stopped by Robin Lehner without a rebound.
5:25 of 3rd period - Ryan O'Reilly wins face-off versus Daniel Briere in Sabres zone.
5:27 of 3rd period - Icing by Jared Cowen.
5:28 of 3rd period - Daniel Briere wins face-off versus Scottie Upshall in Sabres zone.
5:29 of 3rd period - Wrist shot by Vladimir Tarasenko.
5:29 of 3rd period - Stopped by Robin Lehner with a rebound.
6:27 of 3rd period - Snap shot by Darcy Hordichuk.
6:27 of 3rd period - Stopped by Tyler Weiman with a rebound.
6:55 of 3rd period - Snap shot by Michael Ryder.
6:55 of 3rd period - Shot Misses the Net.
7:51 of 3rd period - Jared Cowen is hit by T.J. Fast and loses puck.
8:18 of 3rd period - Wrist shot by R.J. Umberger.
8:18 of 3rd period - Shot Misses the Net.
8:20 of 3rd period - Snap shot by Vladimir Tarasenko.
8:20 of 3rd period - Stopped by Robin Lehner with a rebound.
8:22 of 3rd period - Wrist shot by R.J. Umberger.
8:22 of 3rd period - Stopped by Robin Lehner with a rebound.
8:24 of 3rd period - Slapshot by Vladimir Tarasenko.
8:24 of 3rd period - Stopped by Robin Lehner without a rebound.
8:25 of 3rd period - Andrei Loktionov wins face-off versus Vladimir Tarasenko in Sabres zone.
8:40 of 3rd period - Snap shot by Vladimir Tarasenko.
8:40 of 3rd period - Shot Blocked by Jordan Leopold.
8:52 of 3rd period - Snap shot by Daniel Briere.
8:52 of 3rd period - Shot Blocked by Jordan Leopold.
8:54 of 3rd period - Slapshot by Daniel Briere.
8:54 of 3rd period - Stopped by Robin Lehner without a rebound.
8:55 of 3rd period - Vincent Lecavalier wins face-off versus Chris Drury in Sabres zone.
8:55 of 3rd period - Vincent Lecavalier is hit by Chris Drury.
9:22 of 3rd period - Mark Eaton is hit by Michael Kostka and loses puck.
10:29 of 3rd period - Wrist shot by Evander Kane.
10:29 of 3rd period - Deflect By Zack Kassian.
10:29 of 3rd period - Shot Misses the Net.
10:29 of 3rd period - Puck is out of play.
10:30 of 3rd period - Chris Drury wins face-off versus Vincent Lecavalier in Nordiques zone.
10:37 of 3rd period - Snap shot by Matt Moulson.
10:37 of 3rd period - Stopped by Robin Lehner without a rebound.
10:38 of 3rd period - Andrei Loktionov wins face-off versus Daniel Briere in Sabres zone.
12:30 of 3rd period - Snap shot by Ryan O'Reilly.
12:30 of 3rd period - Shot Blocked by Michael Ryder.
12:32 of 3rd period - Wrist shot by Scottie Upshall.
12:32 of 3rd period - Stopped by Tyler Weiman without a rebound.
12:33 of 3rd period - Ryan O'Reilly wins face-off versus Daniel Briere in Nordiques zone.
12:46 of 3rd period - Snap shot by Daniel Briere.
12:46 of 3rd period - Stopped by Robin Lehner without a rebound.
12:47 of 3rd period - Daniel Briere wins face-off versus Andrei Loktionov in Sabres zone.
13:02 of 3rd period - Snap shot by Vladimir Tarasenko.
13:02 of 3rd period - Shot Blocked by Andrei Loktionov.
13:12 of 3rd period - Kyle Okposo is hit by Kyle Calder and loses puck.
13:41 of 3rd period - Matt Moulson is hit by Zack Kassian and loses puck.
14:04 of 3rd period - Ryan O'Reilly is hit by Daniel Briere and loses puck.
14:19 of 3rd period - Rich Peverley is hit by Brad Richardson.
14:33 of 3rd period - Off-side.
14:34 of 3rd period - Chris Drury wins face-off versus Zack Kassian in neutral zone.
14:39 of 3rd period - Vincent Lecavalier is hit by Matt Moulson and loses puck.
14:56 of 3rd period - Vincent Lecavalier is hit by Matt Moulson and loses puck.
15:09 of 3rd period - Slapshot by Fedor Tyutin.
15:09 of 3rd period - Stopped by Robin Lehner with a rebound.
15:11 of 3rd period - Snap shot by R.J. Umberger.
15:11 of 3rd period - Stopped by Robin Lehner with a rebound.
15:13 of 3rd period - Backhand shot by Ryan Ellis.
15:13 of 3rd period - Deflect By Daniel Briere.
15:13 of 3rd period - Stopped by Robin Lehner with a rebound.
15:15 of 3rd period - Snap shot by R.J. Umberger.
15:15 of 3rd period - Stopped by Robin Lehner with a rebound.
15:17 of 3rd period - Wrist shot by Daniel Briere.
15:17 of 3rd period - Shot Misses the Net.
15:19 of 3rd period - Wrist shot by Daniel Briere.
15:19 of 3rd period - Shot Blocked by Zack Kassian.
15:31 of 3rd period - Slapshot by Michael Kostka.
15:31 of 3rd period - Stopped by Tyler Weiman with a rebound.
15:33 of 3rd period - Slapshot by Jared Cowen.
15:33 of 3rd period - Shot Misses the Net.
15:35 of 3rd period - Slapshot by Jared Cowen.
15:35 of 3rd period - Shot Blocked by Dustin Byfuglien.
15:37 of 3rd period - Wrist shot by Scottie Upshall.
15:37 of 3rd period - Stopped by Tyler Weiman without a rebound.
15:38 of 3rd period - Ryan O'Reilly wins face-off versus Daniel Briere in Nordiques zone.
15:44 of 3rd period - Wrist shot by Ryan O'Reilly.
15:44 of 3rd period - Stopped by Tyler Weiman without a rebound.
15:45 of 3rd period - Ryan O'Reilly wins face-off versus Daniel Briere in Nordiques zone.
15:52 of 3rd period - Slapshot by Ryan O'Reilly.
15:52 of 3rd period - Stopped by Tyler Weiman without a rebound.
15:53 of 3rd period - Scottie Upshall wins face-off versus Paul Gaustad in Nordiques zone.
16:41 of 3rd period - Snap shot by Vincent Lecavalier.
16:41 of 3rd period - Stopped by Tyler Weiman with a rebound.
17:09 of 3rd period - Slapshot by Michael Kostka.
17:09 of 3rd period - Stopped by Tyler Weiman without a rebound.
17:10 of 3rd period - Paul Gaustad wins face-off versus Scottie Upshall in Nordiques zone.
17:21 of 3rd period - Snap shot by Fedor Tyutin.
17:21 of 3rd period - Stopped by Robin Lehner with a rebound.
17:23 of 3rd period - Slapshot by Fedor Tyutin.
17:23 of 3rd period - Deflect By Kyle Calder.
17:23 of 3rd period - Shot Hit the Post.
17:23 of 3rd period - Puck is out of play.
17:24 of 3rd period - Daniel Briere wins face-off versus Ryan O'Reilly in Sabres zone.
17:27 of 3rd period - Wrist shot by Daniel Briere.
17:27 of 3rd period - Shot Blocked by Ryan O'Reilly.
18:33 of 3rd period - Evander Kane is hit by Vladimir Tarasenko.
18:49 of 3rd period - Nordiques, Tyler Weiman is pulled from the net.
19:07 of 3rd period - Snap shot by Daniel Briere.
19:07 of 3rd period - Shot Misses the Net.
19:09 of 3rd period - Snap shot by Marek Svatos.
19:09 of 3rd period - Stopped by Robin Lehner without a rebound.
19:10 of 3rd period - Claude Noel call a timeout for Nordiques.
19:10 of 3rd period - Daniel Briere wins face-off versus Vincent Lecavalier in Sabres zone.
19:15 of 3rd period - Wrist shot by R.J. Umberger.
19:15 of 3rd period - Stopped by Robin Lehner with a rebound.
19:17 of 3rd period - Wrist shot by R.J. Umberger.
19:17 of 3rd period - Shot Blocked by Zach Bogosian.
19:19 of 3rd period - Snap shot by Fedor Tyutin.
19:19 of 3rd period - Goal by Fedor Tyutin - Sabres : 3 - Nordiques : 3.
19:19 of 3rd period - Tyler Weiman from Nordiques was sent back in the game.
19:20 of 3rd period - Paul Gaustad wins face-off versus Ryan O'Reilly in neutral zone.
19:47 of 3rd period - Zack Kassian is hit by Chris Drury and loses puck.
Goals for this period are 0 for Sabres vs 1 for Nordiques.
Shots for this period are 11 for Sabres vs 18 for Nordiques.
Overtime #1
0:01 of 1st overtime period - Marek Svatos wins face-off versus Vincent Lecavalier in neutral zone.
1:11 of 1st overtime period - Backhand shot by Michael Kostka.
1:11 of 1st overtime period - Stopped by Tyler Weiman without a rebound.
1:12 of 1st overtime period - Jean-Pierre Dumont wins face-off versus Kyle Okposo in Nordiques zone.
2:11 of 1st overtime period - Slapshot by Ryan Ellis.
2:11 of 1st overtime period - Shot Misses the Net.
2:13 of 1st overtime period - Wrist shot by Chris Drury.
2:13 of 1st overtime period - Stopped by Robin Lehner without a rebound.
2:14 of 1st overtime period - Marek Svatos wins face-off versus Vincent Lecavalier in Sabres zone.
2:45 of 1st overtime period - Snap shot by Vladimir Tarasenko.
2:45 of 1st overtime period - Shot Blocked by Ryan O'Reilly.
4:37 of 1st overtime period - Wrist shot by Ryan Ellis.
4:37 of 1st overtime period - Stopped by Robin Lehner with a rebound.
Goals for this period are 0 for Sabres vs 0 for Nordiques.
Shots for this period are 1 for Sabres vs 2 for Nordiques.
ShootOut
5:00 of 1st overtime period - Penalty Shot by Vincent Lecavalier for Sabres.
5:00 of 1st overtime period - Deke by Vincent Lecavalier.
5:00 of 1st overtime period - Goal by Vincent Lecavalier.
5:00 of 1st overtime period - Penalty Shot by Marek Svatos for Nordiques.
5:00 of 1st overtime period - Backhand shot by Marek Svatos.
5:00 of 1st overtime period - Stopped by Robin Lehner.
5:00 of 1st overtime period - Penalty Shot by Ilya Kovalchuk for Sabres.
5:00 of 1st overtime period - Snap shot by Ilya Kovalchuk.
5:00 of 1st overtime period - Stopped by Tyler Weiman.
5:00 of 1st overtime period - Penalty Shot by Daniel Briere for Nordiques.
5:00 of 1st overtime period - Deke by Daniel Briere.
5:00 of 1st overtime period - Stopped by Robin Lehner.
5:00 of 1st overtime period - Penalty Shot by Evander Kane for Sabres.
5:00 of 1st overtime period - Snap shot by Evander Kane.
5:00 of 1st overtime period - Goal by Evander Kane.
Back to the Top